 Dungeon Crawl Stone Soup version 0.31.0-9-g3a7656b989 (console) character file.

Game seed: 13920143160975735090

2907 AlterAsc the Cleaver (level 10, -2/70 HPs)
             Began as a Formicid Fighter on Jan 27, 2024.
             Was a Priest of Okawaru.
             Succumbed to a killer bee's poison
             ... on level 9 of the Dungeon.
             The game lasted 00:14:56 (5495 turns).

AlterAsc the Cleaver (Formicid Fighter)             Turns: 5495, Time: 00:14:56

Health: -2/70      AC: 13    Str: 25    XL:     10   Next: 6%
Magic:  12/12      EV:  8    Int:  8    God:    Okawaru [***...]
Gold:   357        SH:  5    Dex: 13    Spells: 9/9 levels left

rFire   . . .        O - +2 hand axe (heavy)
rCold   . . .        c - +0 buckler
rNeg    . . .        i - +0 chain mail
rPois   .            (helmet unavailable)
rElec   .            (no cloak)
rCorr   .            K - +0 pair of gloves
SInv    +            u - +0 pair of boots
Will    +....        B - amulet of regeneration Stlth
                     (no ring)
HPRegen 1.11/turn    (no ring)
MPRegen 0.13/turn

%: no passive effects
@: lethally poisoned (-2 -> -19)
A: permanent stasis, dig shafts and tunnels, antennae 3, four strong arms,
iridescent scales 1
a: Dig, Shaft Self, Renounce Religion, Heroism


You were on level 9 of the Dungeon.
You worshipped Okawaru.
Okawaru was most pleased with you.
You visited 1 branch of the dungeon, and saw 8 of its levels.
You also visited: Sewer and Bailey.

You collected 357 gold pieces.

Inventory:

Hand Weapons
 a - a +0 war axe
 k - a +2 whip of electrocution
 O - a +2 heavy hand axe (weapon)
Missiles
 b - 7 boomerangs
 r - 5 atropa-tipped darts
 w - 9 poisoned darts
 L - 3 throwing nets
 N - 2 datura-tipped darts
Armour
 c - a +0 buckler (worn)
 i - a +0 chain mail (worn)
 u - a +0 pair of boots (worn)
 K - a +0 pair of gloves (worn)
Jewellery
 o - a ring of wizardry
 t - an amulet of the acrobat
 A - a +6 ring of intelligence
 B - an amulet of regeneration (around neck)
 P - a +6 ring of intelligence
Wands
 v - a wand of flame (54)
Scrolls
 e - a scroll of fog {unknown}
 j - a scroll of silence {unknown}
 m - a scroll of blinking {unknown}
 p - 7 scrolls of identify {unknown}
 q - 2 scrolls of vulnerability {unknown}
 s - 4 scrolls of poison {unknown}
 x - a scroll of fear {unknown}
 y - a scroll of brand weapon {unknown}
 C - a scroll of torment {unknown}
 D - 2 scrolls of teleportation {unknown}
 H - 3 scrolls of enchant weapon {unknown}
 I - a scroll of noise {unknown}
 M - a scroll of amnesia {unknown}
Potions
 d - a potion of might
 f - a potion of lignification {unknown}
 g - a potion of attraction {unknown}
 h - 3 potions of curing {unknown}
 l - 2 potions of magic {unknown}
 n - 5 potions of mutation
 z - 4 potions of enlightenment {unknown}
 E - 2 potions of heal wounds {unknown}
 F - a potion of cancellation {unknown}
 G - 2 potions of invisibility {unknown}
 J - a potion of resistance {unknown}


   Skills:
 - Level 3.2 Fighting
 + Level 13.0 Axes
 - Level 3.2 Armour
 - Level 4.0 Shields
 - Level 3.0 Invocations


You had 9 spell levels left.
You didn't know any spells.
Your spell library contained the following spells:

 Spells                   Type           Power      Damage    Failure   Level
 Ensorcelled Hibernation  Hex/Ice        0%         N/A       99%         2
 Lesser Beckoning         Tloc           0%         N/A       99%         2
 Gell's Gravitas          Tloc           0%         N/A       100%        3
 Hailstorm                Conj/Ice       0%         3d5       100%        3
 Passwall                 Erth           0%         N/A       100%        3
 Teleport Other           Tloc           0%         N/A       100%        3
 Dimensional Bullseye     Hex/Tloc       0%         N/A       100%        4
 Iskenderun's Mystic Bla  Conj/Tloc      0%         2d3       100%        4
 Lee's Rapid Deconstruct  Erth           0%         3d4*      100%        5
 Summon Ice Beast         Ice/Summ       Unusable   N/A       N/A         3
 Swiftness                Air            Unusable   N/A       N/A         3
 Tukima's Dance           Hex            Unusable   N/A       N/A         3
 Animate Armour           Summ/Erth      Unusable   N/A       N/A         4
 Summon Lightning Spire   Summ/Air       Unusable   N/A       N/A         4
 Sculpt Simulacrum        Ice/Alch       Unusable   N/A       N/A         6

Dungeon Overview and Level Annotations

Branches:
Dungeon (7/15)             Temple (0/1) D:5           Sewer (visited)
 Bailey (visited)

Altars:
Cheibriados
Fedhas
Okawaru
Qazlal

Annotations:
D:3 2 transporters, petercordia's ghost, amateur OnWr
D:4 1 runed translucent door, TheCrane's ghost, novice MfFi
D:5 1 runed translucent door, Baz's ghost, novice OpSh
D:7 2 transporters, raetorn's ghost, novice DjFE


Innate Abilities, Weirdness & Mutations

You cannot be hasted, slowed, berserked, paralysed or teleported.
You can dig through walls and to a lower floor.
You have a pair of large antennae on your head. (SInv)
Your four strong arms can wield two-handed weapons with a shield.
You are partially covered in iridescent scales. (AC +2)


Message History

The killer bee is severely wounded.
You miss the killer bee.
You feel extremely sick.
The killer bee stings you but does no damage.
The killer bee stings you. You block the killer bee's attack.
The killer bee barely misses you.
You closely miss the killer bee.
The killer bee is severely wounded.
You hit the killer bee.
You feel very sick. You block the killer bee's attack.
The killer bee barely misses you.
You barely miss the killer bee.
The killer bee is severely wounded.
You slash the killer bee!
You feel very sick. The killer bee stings you.
* * * LOW HITPOINT WARNING * * *
You are more poisoned.
The killer bee poisons you!
The killer bee stings you but does no damage.
The killer bee stings you!
* * * LOW HITPOINT WARNING * * *
You are lethally poisoned!
The killer bee poisons you!
The killer bee stings you but does no damage.
You closely miss the killer bee.
The killer bee is severely wounded.
You hit the killer bee.
You kill the killer bee!
Okawaru accepts your kill.
* * * LOW HITPOINT WARNING * * *
You feel extremely sick. The killer bee stings you.
* * * LOW HITPOINT WARNING * * *
You are more poisoned.
The killer bee poisons you!
The killer bee stings you but does no damage.
Your Axes skill increases to level 13!
It was a potion of mutation.
You feel extremely strange.
Iridescent scales grow over part of your body.
You die...

## #. #.. ....... #..
....... .##..#####.......
.......(.#<....#
.........#.....#
.......@y+.....#
#####+####†#.....#
#................####### {
#......................#
#......................#
#+###......................#
........#####+##...........#
........#..+...#...........#
........'..#...'...........#
........#####..#...........#
######.....##..#...........#


You could see a killer bee.

Vanquished Creatures
  An unseen horror (D:7)
  A wraith (D:7)
  3 humans (Bailey)
  2 steam dragons
  2 black bears
  An ogre (D:6)
  A centaur (D:6)
  A kobold brigand (Sewer)
  5 bullfrogs
  2 scorpions (D:5)
  3 killer bees (D:9)
  2 jellies
  2 gnoll boudas
  4 hounds
  A sleepcap (D:3)
  Ijyb (D:3)
  5 iguanas
  2 orc wizards
  9 gnolls
  6 adders
  7 river rats (Sewer)
  A white imp (D:6)
  2 ufetubi (D:7)
  4 dart slugs
  3 ribbon worms
  15 orcs
  17 ball pythons
  4 endoplasms
  4 giant cockroaches
  11 goblins
  8 hobgoblins
  5 jackals
  3 quokkas
  3 bats
  4 frilled lizards
  20 kobolds
  23 rats
188 creatures vanquished.

Notes
Turn   | Place    | Note
-------+----------+-------------------------------------------
     0 | D:1      | AlterAsc the Formicid Fighter began the quest for the Orb.
     0 | D:1      | Reached XP level 1. HP: 18/18 MP: 1/1
   355 | D:1      | Found a faded altar of an unknown god.
   508 | D:1      | Reached XP level 2. HP: 24/24 MP: 2/2
   636 | D:2      | Reached skill level 3 in Axes
   663 | D:2      | Reached XP level 3. HP: 19/29 MP: 3/3
   712 | D:2      | Found a stormy altar of Qazlal.
  1291 | D:3      | Reached skill level 4 in Axes
  1291 | D:3      | Reached XP level 4. HP: 35/35 MP: 4/4
  1336 | D:3      | Found a transporter.
  1372 | D:3      | Noticed petercordia's ghost (amateur OnWr)
  1491 | D:3      | Noticed Ijyb
  1515 | D:3      | Killed Ijyb
  1623 | D:3      | Found a transporter.
  1634 | D:3      | Reached XP level 5. HP: 41/41 MP: 5/5
  1902 | D:3      | Reached skill level 5 in Axes
  2123 | D:4      | Found a runed translucent door.
  2124 | D:4      | Noticed TheCrane's ghost (novice MfFi)
  2286 | D:4      | Identified the +0 leather armour "Ateoq Napsi" {rC+ Str+2
                  | Int+3}
  2571 | D:5      | Entered Level 5 of the Dungeon
  2573 | D:5      | Found a glowing drain.
  2602 | D:5      | Reached skill level 6 in Axes
  2602 | D:5      | Reached XP level 6. HP: 47/47 MP: 6/6
  2614 | Sewer    | Entered a sewer
  2880 | Sewer    | Reached skill level 7 in Axes
  2880 | Sewer    | Reached XP level 7. HP: 45/52 MP: 7/7
  3401 | D:5      | Found an iron altar of Okawaru.
  3409 | D:5      | Became a worshipper of Warmaster Okawaru
  3410 | D:5      | Found a runed translucent door.
  3471 | D:5      | Found a staircase to the Ecumenical Temple.
  3538 | D:5      | Reached skill level 1 in Invocations
  3733 | D:5      | Noticed Baz's ghost (novice OpSh)
  3772 | D:5      | Reached * piety under Okawaru
  3871 | D:6      | Reached skill level 8 in Axes
  3871 | D:6      | Reached XP level 8. HP: 54/58 MP: 10/10
  4054 | D:6      | Reached skill level 9 in Axes
  4154 | D:6      | Found a blossoming altar of Fedhas.
  4335 | D:6      | Reached ** piety under Okawaru
  4336 | D:6      | Reached skill level 10 in Axes
  4408 | D:6      | Reached XP level 9. HP: 43/64 MP: 11/11
  4822 | D:7      | Found a flagged portal.
  4935 | Bailey   | Entered a bailey
  4961 | Bailey   | Reached skill level 11 in Axes
  5044 | Bailey   | Noticed a vault guard
  5044 | Bailey   | Noticed Prince Ribbit
  5118 | D:7      | Found a transporter.
  5118 | D:7      | Noticed raetorn's ghost (novice DjFE)
  5119 | D:7      | Found a transporter.
  5159 | D:7      | Found a snail-covered altar of Cheibriados.
  5271 | D:7      | Reached skill level 12 in Axes
  5354 | D:7      | Noticed an unseen horror
  5373 | D:7      | Killed an unseen horror
  5373 | D:7      | Reached *** piety under Okawaru
  5399 | D:7      | Noticed a red ugly thing
  5402 | D:7      | You fall into a shaft and drop 2 floors!
  5459 | D:9      | Reached XP level 10. HP: 66/70 MP: 12/12
  5494 | D:9      | HP: 3/70 [killer bee (4)]
  5495 | D:9      | Reached skill level 13 in Axes
  5495 | D:9      | Gained mutation: You are partially covered in iridescent
                  | scales. (AC +2) [potion of mutation]
  5495 | D:9      | Succumbed to a killer bee's poison

Illustrated notes

Levels and vault maps discovered:
D:1:      amcnicky_arrival_underground_garden, layout_loops_ring,
          shapermc_ecumenical_altar_mp_ritualfount
D:2:      minmay_door_path, layout_rooms, basic_altar,
          chequers_serial_rivers_small_a, minmay_door_square,
          serial_bayou_pond_b
D:3:      layout_basic, gammafunk_ghost_arena, uniq_ijyb
D:4:      dreamdust_elfheim, layout_cave_pools, ebering_ghost_reflecting_pool
D:5:      layout_loops_ring, lemuel_crystal_altar,
          minmay_temple_entry_steel_oval, ebering_ghost_reflecting_pool,
          cheibrodos_sewer_entry_drain
D:6:      layout_loops_ring, mainiacjoe_overflow_paths, minivault_24
D:7:      minmay_blocky_corners, layout_basic, cheibriados_altar_1,
          enter_bailey_4, gammafunk_ghost_arena, hex_medium,
          minmay_manual_mullet
D:9:      layout_gridville, minmay_statue_bubble

Skill      XL: |  1  2  3  4  5  6  7  8  9 10 |
---------------+-------------------------------+-----
Axes           | 3 4 6 7 8 10 12 13 | 13.0
Invocations    | 3 |  3.0
Fighting       | |  3.2
Armour         | |  3.2
Shields        | |  4.0

Action                     |  1- 3 |  4- 6 |  7- 9 | 10-12 || total
---------------------------+-------+-------+-------+-------++-------
  Melee: War axe           |    62 |       |       |       ||    62
         Whip              |    40 |   255 |   264 |       ||   559
         Hand axe          |       |       |    34 |    13 ||    47
  Throw: Dart              |       |       |     1 |       ||     1
Ability: Dig               |       |       |     1 |       ||     1
         Shaft Self        |       |       |     1 |       ||     1
    Use: Potion            |       |       |       |     1 ||     1
 Armour: Scale mail        |    13 |       |       |       ||    13
         Chain mail        |    64 |   168 |   234 |    23 ||   489
  Dodge: Dodged            |    38 |   107 |   103 |    10 ||   258
  Block: Buckler           |    22 |    69 |    57 |     9 ||   157
